 Dungeon Crawl Stone Soup version 0.20.1-1-g8b1a95d (webtiles) character file.

121 geeseburger the Skirmisher (level 5, -3/33 HPs)
             Began as a Gargoyle Fighter on Nov 2, 2017.
             Slain by Menkaure (16 damage)
             ... on level 4 of the Dungeon.
             The game lasted 00:04:55 (2661 turns).

geeseburger the Skirmisher (Gargoyle Fighter)       Turns: 2661, Time: 00:04:56

Health: -3/33      AC: 15    Str: 21    XL:     5   Next: 5%
Magic:  5/5        EV:  5    Int:  8    God:
Gold:   166        SH:  9    Dex:  9    Spells: 4/4 levels left

rFire    . . .     SeeInvis .   a - +0 flail
rCold    . . .     Gourm    .   c - +0 shield
rNeg     + . .     Faith    .   i - +0 chain mail
rPois    ∞         Spirit   .   d - +0 helmet
rElec    +         Reflect  .   (no cloak)
rCorr    .         Harm     .   f - +0 pair of gloves
MR       .....                  (no boots)
Stlth    ..........             (no amulet)
Regen    0.2/turn               (no ring)
MPRegen  0.1/turn               (no ring)

@: no status effects
A: negative energy resistance 1, electricity resistance, unbreathing,
petrification resistance, rot immunity, AC +4
a: no special abilities


You were on level 4 of the Dungeon.
You were not hungry.

You visited 1 branch of the dungeon, and saw 4 of its levels.

You collected 166 gold pieces.

Inventory:

Hand Weapons
 a - a +0 flail (weapon)
Armour
 c - a +0 shield (worn)
 d - a +0 helmet (worn)
 f - a +0 pair of gloves (worn)
 i - a +0 chain mail (worn)
Jewellery
 r - a +3 ring of evasion {unknown}
Scrolls
 e - a scroll of recharging
 h - 2 scrolls of teleportation
 s - a scroll of fear
Potions
 j - a potion of agility {unknown}
 k - a potion of mutation
 m - 2 potions of heal wounds {unknown}
 n - 2 potions of flight {unknown}
 p - a potion of haste {unknown}
 q - a potion of curing {unknown}
Comestibles
 b - 2 bread rations
 g - a meat ration
 o - 2 royal jellies


   Skills:
 + Level 4.2 Fighting
 * Level 4.0 Maces & Flails
 + Level 3.8 Armour
 - Level 3.2 Shields


You had 4 spell levels left.
You didn't know any spells.

Dungeon Overview and Level Annotations

Branches:
Dungeon (4/15)
 Temple: D:4-7

Altars:
Makhleb
Nemelex Xobeh
Qazlal
The Shining One

Annotations:
D:4 Menkaure


Innate Abilities, Weirdness & Mutations

You are resistant to torment.
Your stone body is resilient. (AC +4)
You are immune to poison.
You resist negative energy. (rN+)
You are resistant to electric shocks. (rElec)
You can survive without breathing.
You are immune to petrification.
You are immune to rotting.


Message History

Your shield and chain mail prevent you from hitting Menkaure.
Menkaure is lightly damaged.
Menkaure completely misses you.
You sock Menkaure!
Menkaure is moderately damaged.
Menkaure calls on the powers of darkness!
Your body is wracked with pain!
You hit Menkaure but do no damage.
Menkaure is moderately damaged.
Menkaure barely misses you.
Your shield and chain mail prevent you from hitting Menkaure.
Menkaure is moderately damaged.
You block Menkaure's attack.
Your shield and chain mail prevent you from hitting Menkaure.
Menkaure is moderately damaged.
You block Menkaure's attack.
You completely miss Menkaure.
Menkaure is moderately damaged.
Menkaure hits you!
You die...

#.....#......
#.....#......
#.....#......
#.....#......
############.....#'#####
..........#####.........
..........# #.........
..........# #.........
.......@..# #.........
........M.#####.........
.....................###
.....................#
.....................#
................)....#
.....................#
....>................#
.........###########.


You could see Menkaure.

Vanquished Creatures
  Robin (D:3)
  3 adders (D:2)
  An ooze (D:3)
  2 leopard geckos
  2 giant cockroaches
  14 goblins
  12 hobgoblins
  3 jackals (D:1)
  10 kobolds
  A quokka (D:2)
  8 bats
  3 frilled lizards
  13 rats
73 creatures vanquished.

Notes
Turn   | Place    | Note
-------+----------+-------------------------------------------
     0 | D:1      | geeseburger the Gargoyle Fighter began the quest for the Orb.
     0 | D:1      | Reached XP level 1. HP: 14/14 MP: 1/1
   226 | D:1      | Reached XP level 2. HP: 17/19 MP: 2/2
   594 | D:1      | Reached XP level 3. HP: 19/23 MP: 3/3
   895 | D:2      | Found a stormy altar of Qazlal.
  1482 | D:2      | Reached XP level 4. HP: 29/29 MP: 4/4
  1797 | D:3      | Noticed Robin
  1829 | D:3      | Killed Robin
  1995 | D:3      | Found a sparkling altar of Nemelex Xobeh.
  2022 | D:3      | Reached XP level 5. HP: 33/33 MP: 5/5
  2286 | D:3      | Found a glowing golden altar of the Shining One.
  2354 | D:3      | Found a burning altar of Makhleb.
  2434 | D:4      | Noticed Menkaure
  2661 | D:4      | Slain by Menkaure

Skill      XL: |  1  2  3  4  5 |
---------------+----------------+-----
Maces & Flails | 3 4 |  4.0
Fighting       | 4 |  4.2
Armour         | |  3.8
Shields        | |  3.2

Action                   |  1- 3 |  4- 6 || total
-------------------------+-------+-------++-------
Melee: Flail             |   163 |    96 ||   259
  Use: Scroll            |     5 |     4 ||     9
       Potion            |       |     1 ||     1
  Eat: Bread ration      |     1 |     1 ||     2
Armor: Scale mail        |    75 |       ||    75
       Chain mail        |    52 |    67 ||   119
Dodge: Dodged            |    60 |    23 ||    83
Block: Shield            |   105 |    49 ||   154
